 Dungeon Crawl Stone Soup version 0.22-a0-580-gd5db89c09a (webtiles) character file.

33656 Hibernaculum the Orthodox (level 14, -4/93 HPs)
             Began as a Formicid Fighter on July 2, 2018.
             Was an Elder of Zin.
             Slain by Sonja
             ... wielding a +2 dagger of distortion
              (7 damage)
             ... on level 4 of the Lair of Beasts.
             The game lasted 01:49:02 (30928 turns).

Hibernaculum the Orthodox (Formicid Fighter)       Turns: 30928, Time: 01:49:02

Health: -4/93      AC: 15    Str: 25    XL:     14   Next: 9%
Magic:  26/26      EV:  7    Int:  9    God:    Zin [****..]
Gold:   1137       SH: 18    Dex: 13    Spells: 13/13 levels left

rFire    . . .     SeeInvis +   b - +0 broad axe
rCold    . . .     Gourm    .   z - +0 large shield (curse)
rNeg     + + .     Faith    .   c - +0 plate armour
rPois    .         Spirit   .   (helmet unavailable)
rElec    .         Reflect  .   o - +0 cloak
rCorr    .         Harm     .   (no gloves)
MR       ++...                  (no boots)
Stlth    ..........             D - amulet of magic regeneration
HPRegen  0.25/turn              M - ring of positive energy
MPRegen  0.45/turn              r - ring "Lonogenu" {rN+ MR+ Str+3}

@: lethally poisoned (-4 -> -4)
A: permanent stasis, dig shafts and tunnels, four strong arms, antennae 3
a: Dig, Shaft Self, Recite, Vitalisation, Imprison, Donate Gold, Renounce
Religion


You were on level 4 of the Lair of Beasts.
You worshipped Zin.
Zin was greatly pleased with you.
You were not hungry.

You visited 4 branches of the dungeon, and saw 20 of its levels.

You collected 1263 gold pieces.
You donated 126 gold pieces to Zin.

Inventory:

Hand Weapons
 b - a +0 broad axe (weapon)
 F - a +0 dire flail of protection
Missiles
 H - a throwing net (quivered)
Armour
 c - a +0 plate armour (worn)
 o - a +0 cloak (worn)
 z - a cursed +0 large shield (worn)
Jewellery
 r - the ring "Lonogenu" (right hand) {rN+ MR+ Str+3}
   (You found it on level 7 of the Dungeon)

   [ring of positive energy]

   It affects your strength (+3).
   It protects you from negative energy.
   It affects your resistance to hostile enchantments.
 s - a +5 ring of intelligence
 x - an uncursed ring of fire
 D - an amulet of magic regeneration (around neck)
 M - a ring of positive energy (left hand)
Wands
 a - a wand of paralysis (12)
 p - a wand of iceblast (4)
 q - a wand of digging (13)
 y - a wand of flame (55)
 A - a wand of scattershot (8)
 I - a wand of acid (7)
Scrolls
 e - 8 scrolls of identify
 h - 4 scrolls of magic mapping
 i - 3 scrolls of fog
 j - 2 scrolls of enchant weapon
 l - 7 scrolls of enchant armour
 n - 4 scrolls of immolation
 E - 8 scrolls of remove curse
 L - a scroll of summoning
Potions
 d - 4 potions of might
 g - 2 potions of brilliance
 k - 6 potions of curing
 m - 4 potions of flight
 t - 4 potions of agility
 v - 2 potions of resistance
 w - 3 potions of mutation
 J - 2 potions of heal wounds
 K - a potion of invisibility
 N - a potion of magic
Miscellaneous
 u - a lamp of fire
 B - a phantom mirror
 C - a lamp of fire
Comestibles
 f - 14 rations


   Skills:
 - Level 3.2 Fighting
 * Level 14.1 Axes
 - Level 9.0 Armour
 - Level 4.0 Dodging
 - Level 9.0 Shields
 + Level 16.1 Invocations


You had 13 spell levels left.
You didn't know any spells.
Your spell library contained the following spells:

 Spells                   Type           Power        Failure   Level  Hunger
 Magic Dart               Conj           #...         100%        1    ##.....
 Conjure Flame            Conj/Fire      #.......     100%        3    ####...
 Bolt of Magma            Conj/Fire/Erth #.........   100%        5    ######.
 Slow                     Hex            #.......     100%        2    ###....
 Mephitic Cloud           Conj/Pois/Air  #.......     100%        3    ####...
 Blink                    Tloc           N/A          100%        2    ###....
 Animate Dead             Necr           N/A          100%        4    #####..
 Animate Skeleton         Necr           N/A          100%        1    ##.....
 Call Imp                 Summ           #.......     100%        2    ###....
 Sublimation of Blood     Necr           #.........   100%        2    ###....
 Iron Shot                Conj/Erth      #.........   100%        6    #######
 Statue Form              Tmut/Erth      #........    100%        6    #######
 Shatter                  Erth           #.........   100%        9    #######
 Leda's Liquefaction      Hex/Erth       #.........   100%        4    #####..
 Disjunction              Tloc           #.........   100%        8    #######


Dungeon Overview and Level Annotations

Branches:
Dungeon (13/15)            Temple (1/1) D:5            Lair (4/6) D:10
  Swamp (0/4) Lair:3       Spider (0/4) Lair:4          Orc (2/2) D:12
    Elf (0/3) Orc:2
 Vaults: D:13-14

Altars:
Ashenzari
Cheibriados
Dithmenos
Elyvilon
Fedhas
Gozag
Hepliaklqana
Kikubaaqudgha
Makhleb
Nemelex Xobeh
Okawaru
Qazlal
Ru
Sif Muna
Trog
Uskayaw
Vehumet
Wu Jian
Xom
Yredelemnul
Zin
The Shining One

Shops:
D:5 =   D:6 [   D:7 !

Annotations:
D:4 first safe floor in forever, exclusion: downstairs
D:5 FUCKING AWFUL SLIME CREATURE VAULT STOP FUCKING FOLLOWING ME wow what trash
D:6 trash shop, shaft, ass goblins
D:7 potions shop - NICE
D:8 ORC WASTED MY FUCKING SCROLL OF SHADOWS, exclusion: downstairs
D:9 exclusion: downstairs
D:13 Urug
Lair:1 I WANT TO CRY SO MUCH, exclusion: oklob plant
Lair:3 1 runed door, I HATE THIS FUCKING GAME SO MUCH AND ITS SHITTY RNG, Klosterfrau's ghost, journeyman DDFi
Lair:4 Sonja


Innate Abilities, Weirdness & Mutations

You cannot be hasted, slowed, berserked, paralysed or teleported.
You can dig through walls and to a lower floor.
Your four strong arms can wield two-handed weapons with a shield.
You have a pair of large antennae on your head. (SInv)


Message History

Sonja is moderately wounded.
You block Sonja's attack. Sonja hits you but does no damage.
Space warps horribly around you!
* * * LOW HITPOINT WARNING * * *
You block Sonja's attack.
You miss Sonja.
Sonja is moderately wounded.
You feel sick.
Sonja is lost in a daze.
You completely miss Sonja.
Sonja is moderately wounded.
Sonja hits you but does no damage.
You feel a strange sense of stasis. You block Sonja's attack.
Sonja hits you but does no damage. Space warps horribly around you!
* * * LOW HITPOINT WARNING * * *
Sonja says, "If only old Madame Brzewit could see me now!"
Sonja hits you but does no damage. Space bends around you.
* * * LOW HITPOINT WARNING * * *
You block Sonja's attack. Sonja hits you but does no damage.
Space bends around you.
You die...

#.....#P# ###.......#
#........## ##.....#..###
#........#.# ##......#...#
## #......#.#..# .### # ##
#.##..####..#
...#.#.##.######@## #..###
.............####K# ###...#
#... .....ยง.....(####.#..##
..
....?..(..(.........###### [
..........###............###
...........######(.......##.
.........P.# ##..........
.........### #..........
........## #..........


You could see Sonja (dazed).

Vanquished Creatures
  3 hydras
  A two-headed ogre (D:11)
  2 unseen horrors
  2 ugly things
  A cyclops (D:12)
  Joseph (D:7)
  4 elephants
  2 black mambas
  A rime drake (Lair:4)
  A gargoyle (D:12)
  6 spiny frogs
  2 komodo dragons (Lair:3)
  A merfolk (D:10)
  3 trolls
  Prince Ribbit (D:6)
  7 hippogriffs
  8 blink frogs
  4 bog bodies (Lair:3)
  A shadow (D:12)
  A vampire (D:11)
  2 fire bats (Lair:3)
  35 yaks
  4 basilisks
  4 vampire mosquitoes (D:12)
  A hungry ghost (D:10)
  Edmund (D:8)
  4 wargs
  9 water moccasins
  9 porcupines
  A soldier ant (D:11)
  A swamp drake (Lair:3)
  5 black bears
  11 orc warriors
  2 necrophages
  10 ice beasts
  2 sky beasts
  8 ogres
  3 phantoms
  7 wolves
  4 centaurs
  5 crocodiles
  5 big kobolds
  9 bullfrogs
  2 wyvern zombies
  6 scorpions
  4 wights (D:7)
  4 electric eels (Lair:3)
  7 howler monkeys
  6 crimson imps
  A quasit (D:7)
  3 centaur zombies
  4 hounds
  3 bullfrog zombies
  12 orc priests
  12 orc wizards
  A centaur skeleton (D:5)
  6 jellies
  2 bullfrog skeletons
  9 iguanas
  11 worker ants
  2 hound zombies
  A howler monkey zombie (D:7)
  3 worker ant zombies
  14 adders
  2 shadow imps
  3 oozes
  An adder zombie (D:7)
  4 worms
  A dart slug (D:3)
  9 leopard geckos
  53 orcs
  2 ball pythons (D:3)
  7 bats
  6 giant cockroaches
  11 goblins
  10 hobgoblins
  3 jackals (D:5)
  6 quokkas
  2 frilled lizards (D:1)
  2 jackal skeletons
  13 kobolds
  10 rats
  5 fungi
  3 plants
460 creatures vanquished.

Vanquished Creatures (others)
  A bullfrog skeleton (D:13)
  5 fungi
  3 plants
  11 toadstools (D:5)
20 creatures vanquished.

Grand Total: 480 creatures vanquished

Notes
Turn   | Place    | Note
-------+----------+-------------------------------------------
     0 | D:1      | Hibernaculum the Formicid Fighter began the quest for the Orb.
     0 | D:1      | Reached XP level 1. HP: 18/18 MP: 1/1
    75 | D:1      | Reached XP level 2. HP: 24/24 MP: 2/2
   406 | D:1      | Reached XP level 3. HP: 29/29 MP: 3/3
   950 | D:2      | Reached XP level 4. HP: 29/35 MP: 4/4
  1431 | D:2      | Found a blossoming altar of Fedhas.
  1719 | D:3      | Reached skill level 5 in Axes
  1719 | D:3      | Reached XP level 5. HP: 24/41 MP: 5/5
  1918 | D:3      | Found a burning altar of Makhleb.
  2081 | D:3      | Reached XP level 6. HP: 36/47 MP: 6/6
  2752 | D:4      | Reached XP level 7. HP: 20/52 MP: 7/7
  3452 | D:5      | Entered Level 5 of the Dungeon
  3684 | D:5      | Found Qonor's Jewellery Emporium.
  3918 | D:5      | Found a staircase to the Ecumenical Temple.
  3929 | Temple   | Entered the Ecumenical Temple
  4005 | Temple   | Became a worshipper of Zin the Law-Giver
  4005 | Temple   | Reached * piety under Zin
  4173 | D:5      | Reached skill level 1 in Invocations
  4187 | D:5      | Reached XP level 8. HP: 48/58 MP: 7/9
  4202 | D:5      | Reached skill level 2 in Invocations
  4254 | D:5      | Noticed a slime creature
  4255 | D:5      | Noticed a slime creature
  4544 | D:6      | Found Nintocyr's Antique Armour Shop.
  4731 | D:5      | Reached skill level 3 in Invocations
  5265 | D:5      | Reached skill level 4 in Invocations
  5445 | D:6      | Reached XP level 9. HP: 62/64 MP: 12/12
  5453 | D:6      | Reached skill level 10 in Axes
  5504 | D:6      | Reached ** piety under Zin
  5741 | D:7      | Found Vasao's Distillery.
  5771 | D:7      | Noticed Prince Ribbit
  5991 | D:7      | Reached skill level 5 in Invocations
  6442 | D:7      | Noticed Joseph
  6482 | D:7      | Killed Joseph
  6482 | D:7      | Reached skill level 6 in Invocations
  6907 | D:7      | Noticed a hippogriff
  6929 | D:7      | Killed a hippogriff
  6929 | D:7      | Reached skill level 7 in Invocations
  6929 | D:7      | Reached XP level 10. HP: 42/70 MP: 15/15
  8250 | D:6      | Killed Prince Ribbit
  8536 | D:7      | Got a pitted copper ring
  8544 | D:7      | Identified the Collected Works on the Twisted Voyage
  8547 | D:7      | Noticed an unseen horror
  8554 | D:7      | Killed an unseen horror
  8554 | D:7      | Reached skill level 8 in Invocations
  8743 | D:7      | Reached *** piety under Zin
  9524 | D:7      | Identified the ring "Lonogenu" {rN+ MR+ Str+3} (You found it on level 7 of the Dungeon)
  9784 | D:8      | Noticed a two-headed ogre
 10260 | D:6      | Found Nintocyr's Antique Armour Shop.
 10728 | D:8      | Noticed Edmund
 10876 | D:8      | Reached skill level 9 in Invocations
 10891 | D:8      | Killed Edmund
 11437 | D:9      | Reached XP level 11. HP: 47/74 MP: 17/17
 11815 | D:9      | Found a burning altar of Makhleb.
 12695 | D:10     | Entered Level 10 of the Dungeon
 12833 | D:10     | Reached skill level 10 in Invocations
 14159 | D:10     | Found a staircase to the Lair.
 14484 | D:10     | Reached skill level 11 in Invocations
 14625 | D:10     | Reached **** piety under Zin
 15025 | D:10     | Reached skill level 5 in Shields
 15863 | Lair:1   | Entered Level 1 of the Lair of Beasts
 16086 | Lair:1   | Noticed a six-headed hydra
 16528 | D:11     | Noticed a purple ugly thing
 16546 | D:11     | Killed a purple ugly thing
 16740 | D:11     | Reached XP level 12. HP: 76/80 MP: 20/20
 16830 | D:11     | Reached ***** piety under Zin
 16834 | D:11     | Noticed an unseen horror
 16860 | D:11     | Killed an unseen horror
 16860 | D:11     | Reached skill level 12 in Invocations
 17656 | D:12     | Noticed a seven-headed hydra
 18478 | D:12     | Found a staircase to the Orcish Mines.
 18503 | D:12     | Reached skill level 13 in Invocations
 18580 | Orc:1    | Entered Level 1 of the Orcish Mines
 18882 | Orc:1    | Found a shimmering altar of Xom.
 19298 | Orc:2    | Entered Level 2 of the Orcish Mines
 19298 | Orc:2    | Found a staircase to the Elven Halls.
 19305 | Orc:2    | Noticed an orc warlord
 19370 | D:12     | Noticed a two-headed ogre
 19415 | D:11     | Killed a two-headed ogre
 19720 | D:12     | Reached skill level 5 in Armour
 20009 | D:12     | Killed a seven-headed hydra
 21059 | D:13     | Noticed Urug
 21070 | D:13     | Reached XP level 13. HP: 41/85 MP: 23/23
 21077 | D:13     | HP: 3/85 [Urug/steel javelin (14)]
 21977 | Lair:1   | Reached skill level 14 in Invocations
 22090 | Lair:1   | Noticed a seven-headed hydra
 22101 | Lair:1   | Killed a seven-headed hydra
 24919 | Lair:2   | Reached skill level 15 in Invocations
 25452 | Lair:3   | Found a runed door.
 25455 | Lair:3   | Found the -2 hat of the Alchemist {rElec rPois rF+ rC+ rN+ MR+ rMut rCorr}
 25455 | Lair:3   | Noticed Klosterfrau's ghost (journeyman DDFi)
 25456 | Lair:3   | Noticed a five-headed hydra
 25560 | Lair:3   | HP: 3/85 [electric eel/bolt of electricity (9)]
 26235 | Lair:3   | Reached skill level 1 in Dodging
 27798 | Lair:3   | Noticed a four-headed hydra
 27811 | Lair:3   | Killed a four-headed hydra
 28306 | Lair:3   | Found a staircase to the Swamp.
 29565 | Lair:4   | Reached XP level 14. HP: 37/92 MP: 25/25
 29923 | Lair:4   | Found a hole to the Spider Nest.
 30107 | Lair:4   | Reached skill level 16 in Invocations
 30900 | Lair:4   | Noticed Sonja
 30928 | Lair:4   | HP: 3/93 [Sonja/uncursed dagger of distortion (3)]
 30928 | Lair:4   | Slain by Sonja

Vault maps used:
D:1:      lemuel_arrival_hallway, feat_on_display
D:2:      lemuel_doored_altar, guppyfry_early_orc_mine
D:3:      makhleb_heckhound_becter
D:5:      cheibrodos_fertilizer, minmay_temple_entry_statues_pillars,
          serial_shops, shop, first_ration
D:6:      serial_shops, kennysheep_little_box, uniq_edmund
D:7:      minmay_the_grid_octo_tiled_octocenter, serial_shops, kennysheep_mini,
          uniq_joseph, uniq_prince_ribbit1
D:9:      old_standard_altar, serial_glass, glass_columns_b, glass_columns_b
D:10:     minmay_lair_entry_grove, minmay_misc_feat_roman, hangedman_fish_farm
D:12:     david_orc_1_choice
D:13:     nicolae_trove_entry_free_sample, corexii_corridor_pit,
          minmay_misc_feat_rows, uniq_urug
Temple:   regret_index_temple_chain_breaker
Lair:1:   portal_ice_cave_entry_ice_beasts, minmay_lair_oklob_chamber
Lair:3:   nicolae_swamp_entry_splash_gauntlet, ebering_ghost_inner_flame,
          hibernation_bobbens, serial_bayou_shore_b
Lair:4:   nicolae_spider_entry_non_spiders, grunt_forest_stairs_basic,
          uniq_sonja
Orc:1:    basic_altar, mines2_lemuel
Orc:2:    st_orc_open, mines4_lemuel

Skill      XL: |  1  2  3  4  5  6  7  8  9 10 11 12 13 14 |
---------------+-------------------------------------------+-----
Axes           | 3 4 5 7 8 9 11 13 14 | 14.1
Invocations    | 1 4 7 9 11 13 15 16 | 16.1
Shields        | 6 9 |  9.0
Armour         | 6 9 |  9.0
Dodging        | 4 |  4.0
Fighting       | |  3.2

Action                   |  1- 3 |  4- 6 |  7- 9 | 10-12 | 13-15 || total
-------------------------+-------+-------+-------+-------+-------++-------
Melee: War axe           |    90 |   184 |   265 |       |       ||   539
       Broad axe         |       |       |    66 |  1228 |   703 ||  1997
       Dire flail        |       |       |       |     8 |    20 ||    28
Invok: Recite            |       |       |     3 |    20 |     2 ||    25
       Vitalisation      |       |       |       |     3 |     4 ||     7
       Imprison          |       |       |       |       |     2 ||     2
       Sanctuary         |       |       |       |       |     1 ||     1
 Abil: Dig               |       |     4 |     2 |    16 |     6 ||    28
Evoke: Wand              |       |       |       |       |     1 ||     1
  Use: Scroll            |       |    11 |     2 |    10 |     6 ||    29
       Potion            |       |       |     1 |     1 |     3 ||     5
 Stab: Confused          |       |       |       |     1 |       ||     1
       Paralysed         |       |       |       |     9 |       ||     9
       Invisible         |       |       |       |     8 |     1 ||     9
  Eat: Chunk             |       |     6 |     7 |    11 |    17 ||    41
       Ration            |       |       |     2 |    13 |     5 ||    20
Armor: Scale mail        |    33 |     6 |       |       |       ||    39
       Chain mail        |       |    84 |    85 |       |       ||   169
       Plate armour      |       |       |    39 |   430 |   250 ||   719
Dodge: Dodged            |    34 |    32 |    26 |   107 |    98 ||   297
Block: Shield            |    43 |    82 |    94 |       |       ||   219
       Large shield      |       |       |    91 |   950 |   576 ||  1617

Table legend:
 A = Spawn XP
 B = Non-spawn XP
 C = Spawn XP percentage of total XP
 D = Spawn monster count
 E = Non-spawn monster count
 F = Spawn count percentage of total count
 G = Total turns spent on level
                    A         B        C        D         E        F      G
               +---------+---------+-------+---------+---------+-------+---------
         Total |       0 |   48080 |   0.0 |       0 |     451 |   0.0 | 30928
               +---------+---------+-------+---------+---------+-------+---------
           D:1 |       0 |      58 |   0.0 |       0 |      30 |   0.0 |   891
           D:2 |       0 |      44 |   0.0 |       0 |      17 |   0.0 |   718
           D:3 |       0 |     205 |   0.0 |       0 |      30 |   0.0 |   856
           D:4 |       0 |     309 |   0.0 |       0 |       9 |   0.0 |  1243
           D:5 |       0 |    1017 |   0.0 |       0 |      29 |   0.0 |  1645
           D:6 |       0 |     782 |   0.0 |       0 |      14 |   0.0 |  2057
           D:7 |       0 |    3604 |   0.0 |       0 |      48 |   0.0 |  2764
           D:8 |       0 |    1447 |   0.0 |       0 |      26 |   0.0 |  2071
           D:9 |       0 |    3722 |   0.0 |       0 |      35 |   0.0 |  1939
          D:10 |       0 |    2759 |   0.0 |       0 |      28 |   0.0 |  1762
          D:11 |       0 |    5231 |   0.0 |       0 |      32 |   0.0 |  2130
          D:12 |       0 |    5769 |   0.0 |       0 |      33 |   0.0 |  2504
          D:13 |       0 |     659 |   0.0 |       0 |       3 |   0.0 |    67
        Lair:1 |       0 |    7392 |   0.0 |       0 |      36 |   0.0 |  3542
        Lair:2 |       0 |    2306 |   0.0 |       0 |      11 |   0.0 |  1167
        Lair:3 |       0 |    6902 |   0.0 |       0 |      27 |   0.0 |  2919
        Lair:4 |       0 |    4722 |   0.0 |       0 |      26 |   0.0 |  1988
         Orc:1 |       0 |    1152 |   0.0 |       0 |      17 |   0.0 |   494
               +---------+---------+-------+---------+---------+-------+---------
